 Dungeon Crawl Stone Soup version 0.21-a0-283-g622b906 (webtiles) character file.

4895 bale the Basher (level 10, 0/98 HPs)
             Began as a Naga Berserker on Sept 24, 2017.
             Was an Elder of Trog.
             Slain by a killer bee (8 damage)
             ... on level 8 of the Dungeon.
             The game lasted 00:14:35 (11263 turns).

bale the Basher (Naga Berserker)                   Turns: 11263, Time: 00:14:35

Health: 0/98       AC: 11    Str: 22    XL:     10   Next: 51%
Magic:  10/10      EV:  8    Int:  8    God:    Trog [****..]
Gold:   237        SH:  0    Dex: 11    Spells: 9/9 levels left

rFire    . . .     SeeInvis +   F - +1 whip (venom)
rCold    . . .     Gourm    .   (no shield)
rNeg     . . .     Faith    .   t - +0 scale mail
rPois    +         Spirit   .   m - +0 helmet
rElec    .         Reflect  .   f - +0 cloak
rCorr    .         Harm     .   u - +0 pair of gloves
MR       +....                  (no barding)
Stlth    ..........             (no amulet)
HPRegen  0.26/turn              k - ring of wizardry
MPRegen  0.12/turn              (no ring)

@: lethally poisoned (0 -> -1), very slow
A: see invisible, deformed body, poison resistance, slowness 2, slow metabolism
1, spit poison 1, AC +3
a: Spit Poison, Berserk, Trog's Hand, Brothers in Arms, Burn Spellbooks,
Renounce Religion


You were on level 8 of the Dungeon.
You worshipped Trog.
Trog was greatly pleased with you.
You were very hungry.

You visited 1 branch of the dungeon, and saw 8 of its levels.
You also visited: Sewer.

You collected 398 gold pieces.
You spent 161 gold pieces at shops.

Inventory:

Hand Weapons
 a - a +0 mace
 b - a cursed -2 morningstar
 F - a +1 whip of venom (weapon)
 H - a +0 blowgun
Missiles
 n - 225 stones (quivered)
 y - 3 javelins
 G - 20 poisoned needles
Armour
 f - a +0 cloak (worn)
 m - a +0 helmet (worn)
 p - a +0 leather armour
 r - a +0 ring mail
 t - a +0 scale mail (worn)
 u - a +0 pair of gloves (worn)
Jewellery
 k - a ring of wizardry (left hand)
 s - a +5 ring of intelligence
Wands
 D - a wand of confusion (35/48)
 L - a wand of polymorph (18/24)
Scrolls
 d - 4 scrolls of amnesia
 j - a scroll of immolation {unknown}
 l - 2 scrolls of remove curse
 o - a scroll of fog {unknown}
 q - 4 scrolls of magic mapping
 w - 2 scrolls of recharging
 x - a scroll of enchant weapon
 B - a scroll of teleportation
 E - 2 scrolls of blinking
 I - 2 scrolls of noise {unknown}
 M - a scroll of identify
Potions
 e - 7 potions of flight
 h - a potion of curing
 i - 6 potions of might
 C - 2 potions of lignification
 J - a potion of brilliance
 K - a potion of degeneration
Comestibles
 c - 6 bread rations
 g - 4 meat rations
 v - 3 royal jellies
 z - 8 fruits


   Skills:
 + Level 8.6 Fighting
 * Level 11.6 Maces & Flails
 + Level 5.1 Armour
 - Level 1.5 Dodging


You had 9 spell levels left.
You didn't know any spells.

Dungeon Overview and Level Annotations

Branches:
Dungeon (8/15)             Temple (0/1) D:4            Lair (0/6) D:8

Altars:
Dithmenos
Uskayaw

Shops:
D:7 ?


Innate Abilities, Weirdness & Mutations

You cannot wear boots.
Your serpentine skin is tough. (AC +3)
You have supernaturally acute eyesight. (SInv)
Armour fits poorly on your strangely shaped body.
Your system is resistant to poisons. (rPois)
You cover ground very slowly.
You have a slow metabolism.
You can spit poison.


Message History

You hit the hound.
You kill the hound!
Trog accepts your kill.
The killer bee stings you but does no damage.
The killer bee stings you!
* * * LOW HITPOINT WARNING * * *
The killer bee stings you.
* * * LOW HITPOINT WARNING * * *
You see here a hound corpse.
The killer bee stings you but does no damage. x2
The killer bee stings you.
* * * LOW HITPOINT WARNING * * *
You are poisoned.
The killer bee poisons you!
You see here a killer bee corpse.
Unknown command.
You barely miss the killer bee.
The killer bee is moderately wounded.
You feel sick. The killer bee stings you!
You die...

### #.# #.#
#.# #.# #.#
#.# ##.## #
##†..#.#
#(y@.<.#
##††.#.#
............#
.###.###.####
#.# # #.# #.#
#'# #.# ...
#.# ... # #.#
... ##. #.#


You could see a killer bee.

Vanquished Creatures
  A hydra (D:8)
  A two-headed ogre (D:7)
  Menkaure (D:7)
  A porcupine (D:8)
  An ice beast (D:8)
  A phantom (D:5)
  2 sky beasts
  A black bear (D:8)
  2 wolves (D:8)
  2 ogres (D:7)
  6 centaurs
  3 crocodiles (D:8)
  3 big kobolds (Sewer)
  2 bullfrogs
  A scorpion (D:5)
  8 killer bees
  A centaur zombie (D:6)
  A bullfrog zombie (D:4)
  2 jellies
  A hound (D:8)
  A centaur skeleton (D:7)
  6 orc priests
  Terence (D:3)
  Jessica (D:2)
  Natasha (D:2)
  3 iguanas
  5 orc wizards
  4 worker ants
  A killer bee zombie (D:5)
  A hound zombie (D:8)
  A hound skeleton (D:4)
  8 adders
  2 oozes
  13 leopard geckos
  35 orcs
  A bat (D:3)
  6 giant cockroaches
  8 goblins
  8 hobgoblins
  11 jackals
  17 kobolds
  5 quokkas
  A ball python (Sewer)
  6 frilled lizards
  10 rats
197 creatures vanquished.

Vanquished Creatures (collateral kills)
  A porcupine (D:8)
  A black bear (D:8)
  A crocodile (D:8)
  2 iguanas (D:8)
5 creatures vanquished.

Grand Total: 202 creatures vanquished

Notes
Turn   | Place    | Note
-------+----------+-------------------------------------------
     0 | D:1      | bale the Naga Berserker began the quest for the Orb.
     0 | D:1      | Reached XP level 1. HP: 21/21 MP: 1/1
   373 | D:1      | Reached XP level 2. HP: 19/28 MP: 2/2
  1752 | D:2      | Noticed Natasha
  1760 | D:2      | Killed Natasha
  1760 | D:2      | Reached skill level 4 in Maces & Flails
  1760 | D:2      | Reached XP level 3. HP: 21/34 MP: 3/3
  2522 | D:2      | Noticed Jessica
  2541 | D:2      | Killed Jessica
  2541 | D:2      | Reached XP level 4. HP: 36/44 MP: 4/4
  3303 | D:3      | Reached XP level 5. HP: 44/50 MP: 5/5
  3381 | D:3      | Reached ** piety under Trog
  3381 | D:3      | Reached skill level 5 in Maces & Flails
  3633 | D:3      | Reached XP level 6. HP: 31/57 MP: 6/6
  4104 | D:3      | Noticed Terence
  4112 | D:3      | Killed Terence
  4324 | D:4      | Found a staircase to the Ecumenical Temple.
  4334 | D:4      | Reached skill level 6 in Maces & Flails
  4655 | D:4      | Found a hide-covered altar of Uskayaw.
  4670 | D:4      | Found a shadowy altar of Dithmenos.
  5180 | D:5      | Entered Level 5 of the Dungeon
  5180 | D:5      | Noticed a sky beast
  5196 | D:5      | Killed a sky beast
  5196 | D:5      | Reached skill level 5 in Fighting
  5196 | D:5      | Reached XP level 7. HP: 66/67 MP: 7/7
  5253 | D:5      | Reached skill level 7 in Maces & Flails
  5302 | D:5      | Reached *** piety under Trog
  6001 | D:5      | Reached XP level 8. HP: 27/76 MP: 8/8
  6270 | D:5      | Reached skill level 8 in Maces & Flails
  7215 | D:6      | Found a glowing drain.
  7259 | Sewer    | Entered a sewer
  7503 | Sewer    | Reached skill level 9 in Maces & Flails
  7573 | Sewer    | Reached **** piety under Trog
  8160 | D:7      | Reached XP level 9. HP: 61/85 MP: 9/9
  8445 | D:7      | Noticed a two-headed ogre
  8459 | D:7      | Killed a two-headed ogre
  8459 | D:7      | Reached skill level 10 in Maces & Flails
  8552 | D:7      | Noticed Menkaure
  8928 | D:7      | Killed Menkaure
  9799 | D:7      | Found Usyitapn's Magic Scroll Boutique.
  9806 | D:7      | Bought a scroll of identify for 28 gold pieces
  9806 | D:7      | Bought a scroll of identify for 28 gold pieces
  9806 | D:7      | Bought a scroll of blinking for 105 gold pieces
  9956 | D:8      | Reached XP level 10. HP: 80/96 MP: 10/10
 10040 | D:8      | Reached skill level 11 in Maces & Flails
 10191 | D:8      | Noticed a four-headed hydra
 10192 | D:8      | Found a staircase to the Lair.
 10206 | D:8      | Killed a four-headed hydra
 11050 | D:8      | Reached skill level 5 in Armour
 11263 | D:8      | Slain by a killer bee

Vault maps used:
D:1:      onia_arrival_mini_maze_b
D:2:      feat_on_display, uniq_jessica, uniq_natasha
D:3:      first_bread, uniq_terence
D:4:      old_standard_altar, minmay_temple_entry_water_ring,
          grunt_dithmenos_smoke
D:6:      gup_sewer_entry_pipe
D:7:      serial_shops, shop, uniq_menkaure
D:8:      minmay_lair_entry_grove
Sewer:    kennysheep_pipe_town

Skill      XL: |  1  2  3  4  5  6  7  8  9 10 |
---------------+-------------------------------+-----
Maces & Flails | 4 5 6 7 9 10 11 | 11.6
Fighting       | 4 5 6 7 8 |  8.6
Armour         | 2 4 5 |  5.1
Dodging        | |  1.5

Action                   |  1- 3 |  4- 6 |  7- 9 | 10-12 || total
-------------------------+-------+-------+-------+-------++-------
Melee: Mace              |    80 |   233 |   220 |       ||   533
       Whip              |       |       |   180 |   103 ||   283
Invok: Berserk           |     2 |     6 |     9 |     3 ||    20
       Brothers in Arms  |       |       |       |     1 ||     1
 Abil: Spit Poison       |     6 |     4 |     8 |     3 ||    21
Evoke: Wand              |       |       |       |     1 ||     1
  Use: Scroll            |     2 |     1 |    11 |       ||    14
       Potion            |       |       |     4 |     4 ||     8
  Eat: Chunk             |     5 |    12 |    11 |     7 ||    35
       Fruit             |       |     1 |       |       ||     1
       Bread ration      |       |       |     1 |       ||     1
       Meat ration       |       |       |     1 |       ||     1
Armor: Animal skin       |    16 |       |       |       ||    16
       Leather armour    |       |    41 |       |       ||    41
       Ring mail         |       |    11 |       |       ||    11
       Scale mail        |       |    85 |   199 |    75 ||   359
Dodge: Dodged            |    37 |   155 |   189 |    64 ||   445

Table legend:
 A = Spawn XP
 B = Non-spawn XP
 C = Spawn XP percentage of total XP
 D = Spawn monster count
 E = Non-spawn monster count
 F = Spawn count percentage of total count
 G = Total turns spent on level
                    A         B        C        D         E        F      G
               +---------+---------+-------+---------+---------+-------+---------
         Total |       0 |    6993 |   0.0 |       0 |     202 |   0.0 | 11263
               +---------+---------+-------+---------+---------+-------+---------
           D:1 |       0 |      21 |   0.0 |       0 |      12 |   0.0 |  1346
           D:2 |       0 |      94 |   0.0 |       0 |      15 |   0.0 |  1580
           D:3 |       0 |     267 |   0.0 |       0 |      36 |   0.0 |  1309
           D:4 |       0 |     229 |   0.0 |       0 |      16 |   0.0 |   945
           D:5 |       0 |     872 |   0.0 |       0 |      19 |   0.0 |  1579
           D:6 |       0 |     437 |   0.0 |       0 |      27 |   0.0 |   953
           D:7 |       0 |    1959 |   0.0 |       0 |      23 |   0.0 |  1770
           D:8 |       0 |    2794 |   0.0 |       0 |      30 |   0.0 |  1363
         Sewer |       0 |     320 |   0.0 |       0 |      24 |   0.0 |   418
               +---------+---------+-------+---------+---------+-------+---------
